Map: Blackpink LE

Players

Harstem - Winner!

  • Race: Protoss Protoss
  • Spawn Location: 1:00

Nice

  • Race: Protoss Protoss
  • Spawn Location: 7:00

Event: WCS Leipzig 2018

VOD

Have the link to the VOD?

Description

Time

  • Played on: Jan. 26, 2018, 12:43 p.m.
  • Length: 8:38

All games in this series

Show
View Real Time Build Order
Export as new Build Order

Harstem Protoss - Winner!

Build Orders: Phoenix Opening 

Get SALT Encoding   

  12  0:00  Probe  
  13  0:13  Probe  
  14  0:18  Pylon  
  14  0:25  Probe (Chrono Boost)  
  15  0:37  Probe (Chrono Boost), Gateway  
  16  0:44  Probe (Chrono Boost)  
  16  0:47  Assimilator  
  17  0:51  Probe (Chrono Boost)  
  17  0:56  Assimilator  
  18  1:03  Probe (Chrono Boost)  
  20  1:11  Probe (Chrono Boost)  
  20  1:12  Gateway  
  20  1:17  Probe  
  20  1:25  Cybernetics Core  
  21  1:29  Probe  
  22  1:36  Pylon  
  22  1:41  Probe  
  23  1:59  Warp Gate (Chrono Boost)  
  23  2:01  Stalker, Sentry  
  27  2:13  Pylon  
  27  2:27  Stalker  
  29  2:31  Stalker  
  31  2:46  Probe  
  32  2:58  Probe  
  32  3:00  Forge  
  33  3:08  Nexus  
  33  3:10  Probe  
  34  3:15  Shield Battery  
  34  3:23  Probe  
  33  3:35  Probe  
  33  3:40  Phoenix  
  34  3:41  Robotics Facility, Protoss Ground Weapons Level 1 (Chrono Boost)  
  34  3:48  Pylon  
  34  3:53  Pylon  
  34  3:56  Stalker  
  34  3:58  Stalker  
  38  4:04  Gateway  
  38  4:09  Shield Battery  
  38  4:23  Sentry  
  40  4:32  Nexus  
  40  4:33  Probe  
  41  4:39  Immortal (Chrono Boost)  
  41  4:44  Sentry  
  47  4:50  Probe  
  48  4:57  Pylon  
  48  5:00  Pylon  
  49  5:12  Stalker  
  44  5:14  Stalker  
  39  5:30  Warp Prism (Chrono Boost)  
  39  5:35  Sentry  
  39  5:36  Stalker  
  39  5:37  Sentry  
  39  5:41  Probe  
  33  6:18  Probe  
  33  6:21  Zealot x3  
  39  6:30  Probe  
  39  6:43  Probe  
  40  6:49  Stalker x2  
  40  6:50  Zealot  
  42  7:16  Zealot x2  
  42  7:21  Sentry  
  44  7:28  Probe  
  43  7:36  Sentry  
  45  7:40  Probe (Chrono Boost)  
  46  7:49  Probe (Chrono Boost)  
  47  7:52  Observer (Chrono Boost)  
  47  7:54  Probe (Chrono Boost)  
  49  8:06  Probe  
  44  8:20  Zealot x3  
  44  8:24  Probe  
Show
View Real Time Build Order
Export as new Build Order

Nice Protoss 

Build Orders: Oracle Opening 

Get SALT Encoding   

  12  0:00  Probe  
  13  0:13  Probe  
  14  0:17  Pylon  
  14  0:25  Probe (Chrono Boost)  
  15  0:37  Probe (Chrono Boost)  
  15  0:40  Gateway  
  16  0:43  Probe (Chrono Boost)  
  16  0:48  Assimilator  
  17  0:51  Assimilator  
  17  0:54  Probe (Chrono Boost)  
  18  1:06  Probe (Chrono Boost)  
  18  1:09  Gateway  
  19  1:14  Probe (Chrono Boost)  
  20  1:20  Probe  
  21  1:27  Cybernetics Core  
  22  1:32  Probe  
  22  1:38  Pylon  
  22  1:45  Probe  
  23  1:57  Probe  
  23  2:01  Warp Gate (Chrono Boost)  
  24  2:03  Stalker x2  
  28  2:16  Pylon  
  28  2:25  Pylon  
  28  2:37  Stargate  
  28  2:38  Adept x2  
  32  2:54  Pylon  
  32  3:10  Stalker x2  
  36  3:14  Gateway  
  36  3:17  Oracle (Chrono Boost)  
  37  3:37  Pylon  
  35  3:47  Oracle  
  38  4:04  Shield Battery  
  38  4:10  Nexus  
  38  4:19  Robotics Facility  
  38  4:33  Adept  
  38  4:38  Stalker, Sentry  
  42  4:39  Probe  
  45  4:51  Probe (Chrono Boost)  
  46  4:53  Pylon  
  46  5:03  Probe (Chrono Boost)  
  46  5:06  Observer  
  48  5:09  Probe (Chrono Boost)  
  47  5:31  Oracle (Chrono Boost)  
  47  5:33  Probe x2  
  50  5:45  Probe x2  
  50  5:48  Stalker  
  51  5:54  Immortal (Chrono Boost)  
  51  5:55  Zealot x2  
  58  5:57  Probe x2  
  56  6:09  Probe x2  
  52  6:11  Zealot  
  52  6:15  Zealot  
  52  6:16  Zealot  
  51  6:21  Probe x2  
  49  6:33  Stalker  
  49  6:37  Stalker x2  
  52  6:43  Immortal (Chrono Boost)  
  56  6:57  Sentry  
  56  7:00  Shield Battery, Zealot x2  
  62  7:04  Shield Battery  
  46  7:20  Stalker, Immortal (Chrono Boost)  
  46  7:22  Zealot x2  
  36  7:43  Sentry, Pylon  
  38  7:53  Pylon  
  38  8:04  Cybernetics Core  
  38  8:16  Sentry  
  36  8:24  Stalker  
Tags
 
Add a new tag
Caveats
  • Supply blocks, unpowered buildings, or Contaminate may cause inaccurate times.
  • Supply counts are checked every 10 seconds.